AoeStats
← 鄙人張麻子

Arabia

505462196Analyzed
1v1 RM · 24d ago on Sep 9, 2026· 14m 27s· 2 players
Game mode
Random Map
Map size
Tiny (2 player)
Population
200
Speed
Normal
Resources
Standard
Victory
Conquest
Starting age
Dark Age
Ending age
Imperial Age
RankedLock teamsTeams togetherTeam positionsShared explorationLock speedFull tech treeHidden civsTurbo modeCheats
Victory
Defeat
🇨🇿 Vietnamese · Czechia
1146
+16
🇹🇼 Magyars · Taiwan
1139
-16
鄙人張麻子
6:51 Loom
9:35 Feudal Age
10:19 Double-Bit Axe
13:33 Scale Mail Armor
13:43 Fletching
čuňas
6:06 Loom
9:16 Feudal Age
10:07 Double-Bit Axe
13:13 Fletching
Connection lost

Rejoining the realm…

Still unreachable

The connection could not be restored.

Session expired

The server has moved on; the page needs a fresh start.